 Dungeon Crawl Stone Soup version 0.29-a0-824-gd827844252 (webtiles) character file.

Game seed: 12786242830081632973

100 Malachi the Magician (level 5, 0/35 HPs)
             Began as a Djinni Fire Elementalist on July 10, 2022.
             Constricted to death by Natasha (5 damage)
             ... on level 3 of the Dungeon.
             The game lasted 00:02:55 (3390 turns).

Malachi the Magician (Djinni Fire Elementalist)     Turns: 3390, Time: 00:02:56

Health: 0/35       AC:  2    Str:  7    XL:     5   Next: 3%
Gold:   206        EV:  9    Int: 18    God:
                   SH:  0    Dex: 14

rFire   + + .      SeeInvis .   (no weapon)
rCold   x . .      Faith    .   (no shield)
rNeg    . . .      Spirit   .   a - +0 robe
rPois   ∞          Reflect  .   (no helmet)
rElec   .          Harm     .   (no cloak)
rCorr   .          Rampage  .   (no gloves)
Will    .....                   (boots unavailable)
Stlth   ++........              (no amulet)
HPRegen 0.11/turn               (no ring)
MPRegen 0.00/turn               (no ring)

@: grasped by roots, flying, constricted
A: sickness immunity, fire resistance 2, cold vulnerability 1, float, innate
caster, HP casting, extra vitality 1
a: no special abilities


You were on level 3 of the Dungeon.
You visited 1 branch of the dungeon, and saw 3 of its levels.

You collected 206 gold pieces.

Inventory:

Armour
 a - a +0 robe (worn)
Scrolls
 b - a scroll of summoning
 c - 2 scrolls of teleportation
Potions
 h - a potion of degeneration {unknown}
 i - 2 potions of brilliance {unknown}


   Skills:
 - Level 2.1 Dodging
 - Level 1.5 Stealth
 * Level 4.1 Spellcasting


You couldn't memorise any spells.
You knew the following spells:

 Your Spells              Type           Power      Damage    Failure   Level
a - Foxfire               Conj/Fire      72%        2x1d7     2%          1
b - Scorch                Fire           36%        2d6       4%          2
c - Conjure Flame         Conj/Fire      18%        6-21      8%          3
d - Inner Flame           Hex/Fire       18%        N/A       8%          3
e - Flame Wave            Conj/Fire      18%        2d6       26%         4
f - Sandblast             Erth           36%        2d10      2%          1
g - Ensorcelled Hibernat  Hex/Ice        36%        N/A       4%          2
Your spell library was empty.

Dungeon Overview and Level Annotations

Branches:
Dungeon (3/15)

Altars:

Annotations:
D:3 Natasha


Innate Abilities, Weirdness & Mutations

You are immune to sickness and miasma.
You are immune to poison.
Your flesh is very heat resistant. (rF++)
You are vulnerable to cold. (rC-)
You float through the air rather than walking.
You learn spells naturally, not from books.
Your magical power is your life essence.
You have superior vitality. (+4 MHP)


Message History

You start resting.
Natasha, Servant of Life and Death comes into view.
She is carrying a wand of roots (9).
Natasha hisses angrily.
Natasha zaps a wand.
The roots erupt in riotous growth!
The grasping roots grab you! The grasping roots constrict you!
You hear a shout! x2
Casting: Scorch (safe; 4% risk of failure)
Confirm with . or Enter, or press ? or * to list all spells.
You can't see any susceptible monsters within range! (Use Z to cast anyway.)
Casting: Scorch (safe; 4% risk of failure)
Confirm with . or Enter, or press ? or * to list all spells.
Aiming: Sandblast (safe; 2% risk of failure)
Press: ? - help, Shift-Dir - straight line, f - Natasha
Aim: Natasha, carrying a wand of roots (8) (74% to hit)
The blast of sand hits Natasha!
Natasha is heavily wounded.
The grasping roots constrict you.
Natasha casts a spell.
The grasping roots constrict you.
* * * LOW HITPOINT WARNING * * *
Casting: Sandblast (safe; 2% risk of failure)
Confirm with . or Enter, or press ? or * to list all spells.
Aiming: Sandblast (safe; 2% risk of failure)
Press: ? - help, Shift-Dir - straight line, f/p - Natasha
Aim: Natasha, carrying a wand of roots (8) (heavily wounded, 74% to hit)
Okay, then.
Unknown command.
Casting: Sandblast (safe; 2% risk of failure)
Confirm with . or Enter, or press ? or * to list all spells.
Aiming: Sandblast (safe; 2% risk of failure)
Press: ? - help, Shift-Dir - straight line, f/p - Natasha
Aim: Natasha, carrying a wand of roots (8) (heavily wounded, 74% to hit)
The blast of sand hits Natasha.
Natasha is almost dead.
* * * LOW HITPOINT WARNING * * *
The grasping roots constrict you.
* * * LOW HITPOINT WARNING * * *
The grasping roots constrict you.
You die...

........#............†)..........
............###########..........
..............########...........
.........#.##....................
...........###########.#.........
...........##### ###.#.........
#.......#......#####.............
........#..###.......#.#.........
#.....#.........@..###.#.........
#..........#####h.............
.................5.)..........
.......#...#####......>..#....
.............# #.........#####
..#...†.[..... #.........#
...###.......# #.........#
.....#.......# ............
.................####.#####


You could see Natasha and a white imp (summoned).

Vanquished Creatures
  Natasha (D:3)
  An adder (D:3)
  A worm (D:2)
  2 dart slugs
  4 orcs (D:3)
  4 endoplasms
  8 giant cockroaches
  7 goblins
  2 hobgoblins
  2 jackals (D:1)
  2 quokkas (D:1)
  7 ball pythons
  6 bats
  3 frilled lizards (D:1)
  A kobold (D:2)
  2 rats
53 creatures vanquished.

Vanquished Creatures (others)
  31 foxfires (D:1)
31 creatures vanquished.

Grand Total: 84 creatures vanquished

Notes
Turn   | Place    | Note
-------+----------+-------------------------------------------
     0 | D:1      | Malachi the Djinni Fire Elementalist began the quest for
                  | the Orb.
     0 | D:1      | Malachi set off with the following spells memorised:
                  | Foxfire, Scorch, Conjure Flame, Inner Flame, Flame Wave.
     0 | D:1      | Reached XP level 1. HP: 15/15 MP: 0/0
   138 | D:1      | Reached XP level 2. HP: 20/21 MP: 0/0
   591 | D:1      | Reached skill level 3 in Spellcasting
  1054 | D:1      | Reached XP level 3. HP: 23/25 MP: 0/0
  1054 | D:1      | Learned a level 1 spell: Sandblast
  2620 | D:3      | Reached XP level 4. HP: 22/31 MP: 0/0
  3047 | D:3      | Found a faded altar of an unknown god.
  3180 | D:3      | Noticed Natasha
  3184 | D:3      | Killed Natasha
  3185 | D:3      | Reached skill level 4 in Spellcasting
  3185 | D:3      | Reached XP level 5. HP: 10/35 MP: 0/0
  3185 | D:3      | Learned a level 2 spell: Ensorcelled Hibernation
  3386 | D:3      | Noticed Natasha
  3390 | D:3      | Constricted to death by Natasha

Illustrated notes

Levels and vault maps discovered:
D:1:      minmay_arrival_checkered_box, layout_basic
D:2:      layout_basic
D:3:      layout_rooms, mainiacjoe_overflow_alcove_2, basic_ecumenical_altar,
          uniq_jessica, uniq_ijyb, uniq_natasha

Skill      XL: |  1  2  3  4 |
---------------+-------------+-----
Spellcasting   | 3 4 |  4.1
Dodging        | |  2.1
Stealth        | |  1.5

Action                   |  1- 3 |  4- 6 || total
-------------------------+-------+-------++-------
Melee: Unarmed           |     2 |       ||     2
 Cast: Foxfire           |    21 |       ||    21
       Scorch            |    38 |    23 ||    61
       Inner Flame       |       |     1 ||     1
       Sandblast         |       |     2 ||     2
  Use: Scroll            |     5 |       ||     5
Armor: Robe              |     3 |     1 ||     4
Dodge: Dodged            |    18 |     2 ||    20

Table legend: (Time is in decaauts)
 A = Elapsed time spent in this place.
 B = Non-inter-level travel time spent in this place.
 C = Inter-level travel time spent in this place.
 D = Time resting spent in this place.
 E = Time spent auto-exploring this place.
 F = Levels seen in this place.
 G = Mean time per level.
                   A        B        C        D        E       F      G
               +--------+--------+--------+--------+--------+-----+--------+
         Total |   3390 |   3385 |      5 |    733 |   2347 |   3 | 1130.0 |
       Dungeon |   3390 |   3385 |      5 |    733 |   2347 |   3 | 1130.0 |
               +--------+--------+--------+--------+--------+-----+--------+

Top non-repeatable levels by time:
     D:1: 1472 daAuts
     D:2: 1138 daAuts
     D:3: 779 daAuts
